[Event "ICC tourney 2075 (75 10)"]
[Site "Internet Chess Club"]
[Date "2020.10.25"]
[Round "6"]
[White "Jeffchess"]
[Black "thihansa"]
[Result "0-1"]
[ICCResult "White checkmated"]
[WhiteElo "1284"]
[BlackElo "1222"]
[Opening "French: advance, Nimzovich system"]
[ECO "C02"]
[NIC "FR.03"]
[Time "18:02:10"]
[PlyCount "146"]
[TimeControl "4500+10"]

1. e4 e6 2. d4 d5 3. e5 c5 4. Nf3 Nc6 5. Bb5 Bd7 6. Be3 Nxe5 7. Nxe5 Bxb5
8. dxc5 Qc7 9. Qd4 Nf6 10. Nc3 Bd7 11. O-O Be7 12. a4 a6 13. b4 O-O 14.
Rfb1 b5 15. cxb6 Qb7 16. a5 Bd6 17. Bf4 Bc6 18. Ng4 Bxf4 19. Nxf6+ gxf6 20.
Qxf4 Qe7 21. b5 Bb7 22. bxa6 Bxa6 23. Nb5 Bxb5 24. Rxb5 Rfb8 25. a6 Qd8 26.
Qb4 f5 27. b7 Ra7 28. Qa5 Qxa5 29. Raxa5 Kf8 30. Kf1 Ke7 31. Ke2 Kd7 32.
Kd3 Kc6 33. Kd4 f6 34. h3 e5+ 35. Ke3 d4+ 36. Kd3 Rxa6 37. Rxa6+ Kxb5 38.
Ra1 Rxb7 39. Rb1+ Kc6 40. Rxb7 Kxb7 41. Kc4 Kc6 42. f3 h5 43. h4 f4 44. Kd3
Kd5 45. c3 dxc3 46. Kxc3 e4 47. Kd2 Kd4 48. fxe4 Kxe4 49. Ke2 f5 50. Kf2 f3
51. gxf3+ Kf4 52. Kg2 Ke3 53. Kg3 f4+ 54. Kg2 Ke2 55. Kg1 Kxf3 56. Kf1 Kg3
57. Kg1 f3 58. Kf1 f2 59. Ke2 Kg2 60. Ke3 f1=Q 61. Ke4 Qf2 62. Ke5 Qf3 63.
Ke6 Qf4 64. Ke7 Qf5 65. Kd6 Qe4 66. Kc5 Qd3 67. Kb4 Qc2 68. Ka3 Qb1 69. Ka4
Kf3 70. Ka3 Ke3 71. Ka4 Kd4 72. Ka3 Kc3 73. Ka4 Qb4# { White checkmated }
0-1

[Event "ICC tourney 2075 (75 10)"]
[Site "Internet Chess Club"]
[Date "2020.10.25"]
[Round "6"]
[White "VirginiaGuy"]
[Black "joeandjoe28"]
[Result "1-0"]
[ICCResult "Black checkmated"]
[WhiteElo "1392"]
[BlackElo "1372"]
[Opening "King's Indian: Torre attack"]
[ECO "A48"]
[NIC "QP.01"]
[Time "18:02:21"]
[PlyCount "129"]
[TimeControl "4500+10"]

1. d4 Nf6 2. Nf3 g6 3. Bg5 Bg7 4. Nbd2 d5 5. Ne5 Nbd7 6. f4 Nxe5 7. fxe5
Nd7 8. Nf3 c5 9. c3 Qa5 10. Qd2 O-O 11. e3 Re8 12. Be2 f6 13. exf6 exf6 14.
Bf4 f5 15. O-O Nf6 16. Be5 Ng4 17. Bxg7 Kxg7 18. Rfe1 Bd7 19. dxc5 Qxc5 20.
Qd4+ Qxd4 21. exd4 Re3 22. h3 Rae8 23. Bf1 Rxe1 24. Rxe1 Rxe1 25. Nxe1 Ne3
26. Be2 Kf6 27. Kf2 Nc4 28. b3 Nd2 29. Bd3 Ne4+ 30. Bxe4 fxe4 31. Nc2 Kf5
32. Ne3+ Ke6 33. Ng4 Bb5 34. Ne5 Kf5 35. g3 h5 36. h4 Bd3 37. c4 dxc4 38.
bxc4 b6 39. Nxd3 exd3 40. Ke3 d2 41. Kxd2 g5 42. d5 gxh4 43. gxh4 b5 44. c5
Ke5 45. c6 Kd6 46. Kc3 a5 47. Kd4 a4 48. Kc3 Ke7 49. Kb4 Kd6 50. Kxb5 a3
51. Kb4 Kxd5 52. c7 Kd6 53. c8=Q Ke5 54. Qh8+ Kf4 55. Qxh5 Ke4 56. Kxa3 Kd4
57. Qf5 Kc4 58. Qe5 Kd3 59. Qf4 Kc3 60. h5 Kc2 61. h6 Kb1 62. h7 Kc2 63.
h8=Q Kd1 64. Qf2 Kc1 65. Qh1# { Black checkmated } 1-0

[Event "ICC tourney 2075 (75 10)"]
[Site "Internet Chess Club"]
[Date "2020.10.25"]
[Round "6"]
[White "vihaan2011"]
[Black "georgianknight"]
[Result "0-1"]
[ICCResult "White checkmated"]
[WhiteElo "1292"]
[BlackElo "1501"]
[Opening "Sicilian: Najdorf, Byrne (English) attack"]
[ECO "B90"]
[NIC "SI.14"]
[Time "18:02:28"]
[PlyCount "88"]
[TimeControl "4500+10"]

1. e4 c5 2. Nf3 d6 3. d4 cxd4 4. Nxd4 Nf6 5. Nc3 a6 6. Be3 e6 7. Be2 b5 8.
a3 Bb7 9. f3 Nbd7 10. b4 Rc8 11. Qd2 Be7 12. O-O O-O 13. Nb3 d5 14. exd5
Nxd5 15. Nxd5 Bxd5 16. Rfd1 Qc7 17. Rac1 Rfd8 18. Bd3 Nf6 19. Nc5 Qc6 20.
Qc3 Nd7 21. Be4 Nxc5 22. Bxd5 Rxd5 23. Rxd5 Qxd5 24. bxc5 Bxc5 25. Kf1 Qc4+
26. Qd3 Bxe3 27. Qxc4 Rxc4 28. Rd1 g6 29. Ke2 Bc5 30. Rd8+ Kg7 31. Rd3
Rxc2+ 32. Kd1 Rxg2 33. Ke1 Rxh2 34. Rd2 Rxd2 35. Kxd2 Bxa3 36. Kc2 h5 37.
Kd2 h4 38. Ke2 h3 39. Kf2 b4 40. Ke2 h2 41. Kf2 h1=Q 42. Kg3 Qg1+ 43. Kf4
Bc1+ 44. Ke4 Qe3# { White checkmated } 0-1

[Event "ICC tourney 2075 (75 10)"]
[Site "Internet Chess Club"]
[Date "2020.10.25"]
[Round "6"]
[White "jason54312"]
[Black "SunnyDays0"]
[Result "1-0"]
[ICCResult "Black resigns"]
[WhiteElo "1562"]
[BlackElo "1161"]
[Opening "French: advance, Paulsen attack"]
[ECO "C02"]
[NIC "FR.03"]
[Time "18:02:51"]
[PlyCount "55"]
[TimeControl "4500+10"]

1. e4 e6 2. d4 d5 3. e5 c5 4. c3 Nc6 5. Nf3 Nge7 6. Na3 a6 7. Be2 Nf5 8.
Nc2 Be7 9. O-O O-O 10. a3 b5 11. Ne3 Nxe3 12. Bxe3 cxd4 13. cxd4 f6 14. Qc2
Bd7 15. Bf4 Rc8 16. Qd2 Be8 17. Rac1 Bg6 18. Bd3 Be4 19. Be2 Qb6 20. Rfd1
Na5 21. Rc3 Nc4 22. Bxc4 bxc4 23. Qc1 Rb8 24. Nd2 Bd3 25. b3 Qxd4 26. Nxc4
dxc4 27. Rxc4 Qxe5 28. Bxe5 { Black resigns } 1-0

[Event "ICC tourney 2075 (75 10)"]
[Site "Internet Chess Club"]
[Date "2020.10.25"]
[Round "6"]
[White "ethanpu"]
[Black "kgeisenman32"]
[Result "0-1"]
[ICCResult "White checkmated"]
[WhiteElo "1331"]
[BlackElo "1402"]
[Opening "Sicilian: accelerated fianchetto, exchange variation"]
[ECO "B34"]
[NIC "SI.33"]
[Time "18:02:51"]
[PlyCount "118"]
[TimeControl "4500+10"]

1. e4 c5 2. Nf3 Nc6 3. d4 cxd4 4. Nxd4 g6 5. Nxc6 bxc6 6. c3 Bg7 7. Bc4 d6
8. Be3 Nf6 9. O-O Nxe4 10. Qa4 Nf6 11. Qxc6+ Bd7 12. Qb7 O-O 13. Bxa7 Qc8
14. Qxc8 Rfxc8 15. Bxf7+ Kxf7 16. Bd4 Be6 17. a3 Rab8 18. b4 Nd5 19. Bxg7
Kxg7 20. Rc1 Bf5 21. c4 Bxb1 22. Raxb1 Nb6 23. c5 dxc5 24. Rxc5 Rxc5 25.
bxc5 Nd7 26. Rxb8 Nxb8 27. Kf1 Kf6 28. Ke2 Ke5 29. Kf3 Kd5 30. Kf4 h6 31.
h4 e5+ 32. Kf3 Nd7 33. c6 Kxc6 34. Ke4 Kd6 35. Kf3 Nf6 36. g3 Kd5 37. Kg2
Ke4 38. f3+ Ke3 39. g4 e4 40. fxe4 Nxe4 41. Kh3 Kf3 42. a4 g5 43. a5 Nc5
44. hxg5 hxg5 45. Kh2 Kxg4 46. Kg2 Na6 47. Kg1 Kg3 48. Kf1 Kh2 49. Kf2 g4
50. Kf1 g3 51. Ke2 g2 52. Kf2 g1=Q+ 53. Kf3 Qd4 54. Ke2 Qc3 55. Kf2 Qd3 56.
Ke1 Qc2 57. Kf1 Kg3 58. Ke1 Kf3 59. Kf1 Qf2# { White checkmated } 0-1

[Event "ICC tourney 2075 (75 10)"]
[Site "Internet Chess Club"]
[Date "2020.10.25"]
[Round "6"]
[White "Chessnaught"]
[Black "MehPlayer"]
[Result "1/2-1/2"]
[ICCResult "Game drawn by mutual agreement"]
[WhiteElo "1482"]
[BlackElo "1603"]
[Opening "Nimzovich-Larsen attack: classical variation"]
[ECO "A01"]
[NIC "VO.08"]
[Time "18:02:14"]
[PlyCount "80"]
[TimeControl "4500+10"]

1. b3 d5 2. Bb2 Nf6 3. e3 c5 4. f4 Nc6 5. Bb5 a6 6. Bxc6+ bxc6 7. Nf3 e6 8.
d3 Bd6 9. Nbd2 Bb7 10. Ne5 Bxe5 11. fxe5 Nd7 12. Qg4 Rg8 13. O-O Qe7 14. d4
cxd4 15. exd4 O-O-O 16. c4 Kb8 17. a4 f5 18. Qg3 g5 19. Ba3 Qf7 20. Bd6+
Ka7 21. b4 Nb8 22. b5 f4 23. Qc3 Qh5 24. Nb3 Qe2 25. cxd5 cxb5 26. Qc5+ Ka8
27. Rf2 Qc4 28. axb5 Qxc5 29. Nxc5 Bxd5 30. bxa6 Nc6 31. Ra4 f3 32. gxf3 g4
33. f4 g3 34. hxg3 Rxg3+ 35. Kf1 Rc3 36. f5 exf5 37. Rxf5 Bc4+ 38. Ke1 Nxd4
39. Rf8 Rxf8 40. Bxf8 Nf3+ { Game drawn by mutual agreement } 1/2-1/2

[Event "ICC tourney 2075 (75 10)"]
[Site "Internet Chess Club"]
[Date "2020.10.25"]
[Round "6"]
[White "dangdang2000"]
[Black "kinpin007"]
[Result "0-1"]
[ICCResult "White checkmated"]
[WhiteElo "1190"]
[BlackElo "1529"]
[Opening "Caro-Kann: classical variation"]
[ECO "B18"]
[NIC "CK.10"]
[Time "18:02:51"]
[PlyCount "86"]
[TimeControl "4500+10"]

1. e4 c6 2. d4 d5 3. Nd2 dxe4 4. Nxe4 Bf5 5. Ng3 Bg6 6. Bc4 Nf6 7. N1e2
Nbd7 8. Bf4 e6 9. Qd2 Nb6 10. Bb3 Nbd5 11. O-O Bb4 12. c3 Nxf4 13. Nxf4 Bd6
14. Rfe1 O-O 15. Nxg6 hxg6 16. Ne4 Nxe4 17. Rxe4 b5 18. Rae1 c5 19. Bc2 Qf6
20. Qe3 Rfc8 21. Qh3 cxd4 22. Rxd4 Bc5 23. Rd2 Rd8 24. Rde2 Rd7 25. Qg3
Rad8 26. Qe5 Rd5 27. Qc7 Bb6 28. Qg3 Rg5 29. Qh4 Rxg2+ 30. Kxg2 Qxh4 31.
Be4 Bc7 32. Rh1 Qg4+ 33. Kf1 Rd1+ 34. Re1 Qh3+ 35. Ke2 Rxe1+ 36. Rxe1 Qxh2
37. Rd1 Qe5 38. Kf3 Qf4+ 39. Ke2 Qxe4+ 40. Kf1 Qc2 41. Rd7 Bb6 42. Kg1
Qxf2+ 43. Kh1 Qg1# { White checkmated } 0-1

[Event "ICC tourney 2075 (75 10)"]
[Site "Internet Chess Club"]
[Date "2020.10.25"]
[Round "6"]
[White "Yamato1945"]
[Black "narayan0811"]
[Result "1/2-1/2"]
[ICCResult "Game drawn by mutual agreement"]
[WhiteElo "1431"]
[BlackElo "1362"]
[Opening "QGD: 4.Bg5 Be7"]
[ECO "D53"]
[NIC "QO.13"]
[Time "18:02:03"]
[PlyCount "148"]
[TimeControl "4500+10"]

1. d4 e6 2. c4 d5 3. Nc3 Nf6 4. Bg5 Be7 5. e3 dxc4 6. Bxc4 O-O 7. Nf3 Nc6
8. O-O h6 9. Bh4 Nd5 10. Bxe7 Ncxe7 11. e4 Nb6 12. Bb3 Nc6 13. a3 Na5 14.
Bc2 Nac4 15. b3 Nd6 16. Qd3 g6 17. Qe3 Kg7 18. Nd2 Qg5 19. f4 Qe7 20. Rf3
Bd7 21. Rh3 Rh8 22. Nf3 Nb5 23. Nxb5 Bxb5 24. Nh4 Bd7 25. a4 Rag8 26. Rf1
Kf8 27. Qc3 e5 28. f5 exd4 29. Qxd4 Qd6 30. Qxd6+ cxd6 31. Rd3 g5 32. Nf3
Ke7 33. Rfd1 Nc8 34. Rc3 Bc6 35. b4 a6 36. b5 axb5 37. axb5 Bxb5 38. Rc7+
Kf6 39. Rxb7 Be2 40. Bb3 Rf8 41. Rc1 Bxf3 42. gxf3 Rhg8 43. Rcc7 Rg7 44.
Kf2 h5 45. Ba4 g4 46. Rb8 Rgg8 47. Bb3 gxf3 48. Kxf3 Ne7 49. Rbb7 Nxf5 50.
Rxf7+ Ke5 51. Rxf5+ Rxf5+ 52. exf5 Rc8 53. Re7+ Kf6 54. Re3 Rc5 55. Be6 Rc2
56. h4 Rc5 57. Rd3 d5 58. Ke3 Rc4 59. Rd4 Rc3+ 60. Kd2 Rh3 61. Ke2 Ra3 62.
Rf4 Ke5 63. Rf3 Ra7 64. Rd3 Ra5 65. Ke3 Rc5 66. Rxd5+ Rxd5 67. Bxd5 Kxf5
68. Kf3 Ke5 69. Bf7 Kf6 70. Bxh5 Kg7 71. Kg4 Kh6 72. Bf7 Kg7 73. Bd5 Kg6
74. h5+ Kh6 { Game drawn by mutual agreement } 1/2-1/2

[Event "ICC tourney 2075 (75 10)"]
[Site "Internet Chess Club"]
[Date "2020.10.25"]
[Round "6"]
[White "FlowingMelody"]
[Black "riachuvspikachu"]
[Result "1-0"]
[ICCResult "Black resigns"]
[WhiteElo "1353"]
[BlackElo "1588"]
[Opening "Sicilian"]
[ECO "B56"]
[NIC "SI.25"]
[Time "18:02:51"]
[PlyCount "89"]
[TimeControl "4500+10"]

1. e4 c5 2. Nf3 d6 3. d4 cxd4 4. Nxd4 Nf6 5. Nc3 Nc6 6. Nb3 e6 7. Be2 Be7
8. O-O O-O 9. Be3 a6 10. a4 Bd7 11. f4 Na7 12. Kh1 Qc7 13. Qd2 b5 14. Bf3
Bc6 15. axb5 axb5 16. Qd3 b4 17. Ne2 d5 18. e5 Bb5 19. Qd2 Nd7 20. Ra5 Bxe2
21. Qxe2 Nc6 22. Raa1 Nb6 23. Bc5 Rfc8 24. Bxe7 Qxe7 25. Nd2 Nd4 26. Qf2
Rxa1 27. Rxa1 Nxc2 28. Rc1 Na4 29. b3 Nb2 30. Qe2 Qa7 31. Nf1 Nd3 32. Qxd3
Qf2 33. Qe2 Qc5 34. Ne3 d4 35. Rxc2 dxe3 36. Rxc5 Rxc5 37. Qxe3 Rc3 38. Qd2
h6 39. Be4 g6 40. Qd8+ Kg7 41. Qf6+ Kg8 42. Qd8+ Kg7 43. Qd1 Re3 44. Bc2
Re1+ 45. Qxe1 { Black resigns } 1-0